 Dungeon Crawl Stone Soup version 0.28-a0-983-g1de4e0787c (webtiles) character file.

Game seed: 278445824430794058

12357 rikuthemoon the Brawler (level 11, 0/100 HPs)
             Began as a Troll Monk on Dec 2, 2021.
             Was a High Priest of the Shining One.
             Slain by an orc warlord (36 damage)
             ... on level 1 of the Orcish Mines.
             The game lasted 00:29:53 (11030 turns).

rikuthemoon the Brawler (Troll Monk)               Turns: 11030, Time: 00:29:53

Health: 0/100      AC:  8    Str: 25    XL:     11   Next: 61%
Magic:  10/10      EV: 12    Int:  6    God:    the Shining One [*****.]
Gold:   875        SH:  0    Dex: 18    Spells: 10/10 levels left

rFire   . . .      SeeInvis .     - Unarmed
rCold   + . .      Faith    .   (no shield)
rNeg    + + .      Spirit   .   w - +3 robe of Clouds {*Thunder rCloud rElec}
rPois   .          Reflect  .   (helmet restricted)
rElec   +          Harm     .   q - +0 cloak
rCorr   .          Rampage  .   (gloves unavailable)
Will    .....                   (boots unavailable)
Stlth   +.........              (no amulet)
HPRegen 1.06/turn               i - +6 ring of dexterity
MPRegen 0.12/turn               G - ring of protection from cold

@: glowing, studying Stealth
A: large, unfitting armour, claws 3, regeneration 1, shaggy fur 1, tough skin 1
a: Renounce Religion, Divine Shield, Cleansing Flame, Summon Divine Warrior


You were on level 1 of the Orcish Mines.
You worshipped the Shining One.
The Shining One was extremely pleased with you.
You visited 3 branches of the dungeon, and saw 13 of its levels.

You collected 875 gold pieces.

Inventory:

Hand Weapons
 R - a +0 vorpal trident
Missiles
 e - 223 stones (quivered)
 l - 76 poisoned darts
 L - 14 boomerangs
Armour
 q - a +0 cloak (worn)
 w - the +3 robe of Clouds (worn) {*Thunder rCloud rElec}
   (You found it on level 8 of the Dungeon)

   It occasionally creates storm clouds above nearby enemies.
   It grants its wearer immunity to clouds.
   rElec:     It insulates you from electricity.
 Q - a +0 robe of fire resistance
Jewellery
 c - a ring of willpower
 i - a +6 ring of dexterity (left claw)
 s - a ring of positive energy
 v - a ring of wizardry
 G - a ring of protection from cold (right claw)
Wands
 p - a wand of mindburst (40)
 z - a wand of polymorph (7)
 E - a wand of charming (3)
 F - a wand of acid (8)
Scrolls
 b - 4 scrolls of immolation {unknown}
 h - a scroll of blinking {unknown}
 j - 2 scrolls of summoning {unknown}
 k - a scroll of brand weapon {unknown}
 m - 3 scrolls of magic mapping {unknown}
 n - a scroll of acquirement {unknown}
 o - 3 scrolls of holy word {unknown}
 r - 2 scrolls of silence {unknown}
 t - 2 scrolls of fog {unknown}
 y - a scroll of torment {unknown}
 A - 2 scrolls of enchant armour {unknown}
 C - a scroll of vulnerability
 I - a scroll of noise {unknown}
 K - 2 scrolls of teleportation {unknown}
 M - a scroll of fear {unknown}
 P - a scroll of amnesia {unknown}
Potions
 a - a potion of brilliance {unknown}
 d - a potion of cancellation
 f - a potion of haste {unknown}
 u - 4 potions of attraction
 x - 2 potions of flight
 B - 2 potions of mutation
 D - 2 potions of invisibility
 H - 2 potions of resistance
 J - 2 potions of curing
 N - a potion of magic {unknown}


   Skills:
 + Level 4.2 Fighting
 + Level 0.2 Polearms
 + Level 1.7 Throwing
 + Level 5.5 Dodging
 - Level 1.1 Stealth
 * Level 16.9 Unarmed Combat


You had 10 spell levels left.
You didn't know any spells.
Your spell library contained the following spells:

 Spells                   Type           Power      Damage    Failure   Level
 Beastly Appendage        Tmut           0%         N/A       45%         1
 Passwall                 Tmut/Erth      0%         N/A       58%         2
 Wereblood                Tmut           0%         N/A       58%         2
 Gell's Gravitas          Tloc           0%         N/A       83%         3
 Lesser Beckoning         Tloc           0%         N/A       83%         3
 Ozocubu's Armour         Ice            0%         N/A       83%         3
 Spider Form              Tmut/Pois      0%         N/A       83%         3
 Swiftness                Air            0%         N/A       83%         3
 Teleport Other           Tloc           0%         N/A       83%         3
 Ozocubu's Refrigeration  Ice            0%         4d5       100%        7


Dungeon Overview and Level Annotations

Branches:
Dungeon (10/15)            Temple (1/1) D:5            Lair (0/6) D:10
    Orc (2/2) D:10
    Elf: Orc:2

Altars:
Ashenzari
Cheibriados
Dithmenos
Elyvilon
Fedhas
Gozag
Hepliaklqana
Kikubaaqudgha
Makhleb
Nemelex Xobeh
Okawaru
Qazlal
Ru
Sif Muna
Trog
Uskayaw
Vehumet
Wu Jian
Xom
Yredelemnul
Zin
The Shining One

Shops:
D:2 :   D:8 *   D:9 =[


Innate Abilities, Weirdness & Mutations

You are too large for most types of armour.
You have claws for hands.
Your natural rate of healing is unusually fast.
You are covered in fur. (AC +1)
You have tough skin. (AC +1)


Message History

The orc shouts!
You hear a shout!
The orc warrior closely misses you.
The orc priest is struck by lightning.
The orc priest looks encouraged for a moment.
The orc warlord roars a battlecry!
The orcs go into a battle-frenzy!
There is a stone staircase leading up here.
Storm clouds gather above the orc warrior.
Storm clouds gather above the orc warlord.
The orc warrior is struck by lightning.
The orc warrior hits you with a +0 mace!
The orc priest calls down the wrath of Beogh upon you.
Pain shoots through your body!
The orc priest calls upon Beogh to heal the orc priest.
The orc priest is healed somewhat.
The orc warlord hits you with a +0 vorpal dire flail!!
You climb upwards.
Storm clouds gather above the orc warrior.
There is a stone staircase leading down here.
You claw the orc priest!
You kill the orc priest!
The Shining One accepts your kill.
You feel better. The orc warrior misses you.
The orc warrior is struck by lightning.
The orc warrior hits you with a +0 mace.
The orc warlord completely misses you.
There are monsters nearby!
You are too injured to fight recklessly!
You are too injured to fight recklessly!
You barely miss the orc warlord.
The orc warrior hits you with a +0 long sword!
The orc warrior is struck by lightning.
You kill the orc warrior!
The orc warlord barely misses you.
You scratch the orc warlord.
The orc warlord is lightly wounded.
The orc warrior hits you but does no damage.
You scratch the orc warlord.
The orc warlord is lightly wounded.
The orc warlord hits you with a +0 vorpal dire flail!!!
You die...

###### ##.##.##
#####......#####
##.##.#.##.###..##
#......#####.#...# ###
##.##....##.....####.##
##.<)[....[.o@ยง......#
###.)))).[...o.).....##
###.....#...=.####.....#
#......####...# #.....#
........##....####....##
#.#......#.............#
#####.......#......#..##
##......#.....#####
###........#....#


You could see an orc warlord and an orc warrior (strong).

Vanquished Creatures
  2 two-headed ogres (D:10)
  Urug (Orc:1)
  An orc knight (D:10)
  An orc sorcerer (Orc:1)
  A gargoyle (D:10)
  An unseen horror (D:6)
  A komodo dragon (D:10)
  A troll (D:8)
  Prince Ribbit (D:7)
  5 yaks (D:9)
  A wraith (D:9)
  2 wyverns
  Eustachio (D:6)
  A fire bat (D:6)
  Menkaure (D:4)
  An acid dragon (D:10)
  3 wargs
  2 water moccasins
  An ice beast (D:7)
  15 orc warriors
  A hornet zombie (D:7)
  2 sky beasts
  A black bear (D:5)
  5 centaurs
  3 necrophages
  7 ogres
  4 kobold brigands
  2 bullfrogs
  A wyvern zombie (D:5)
  5 scorpions
  2 water moccasin zombies (D:6)
  5 killer bees (D:9)
  10 wights
  4 howler monkeys (D:8)
  A bullfrog zombie (D:6)
  3 centaur zombies
  2 hounds
  2 jellies
  10 orc priests
  A bullfrog skeleton (D:5)
  A gnoll shaman (D:5)
  16 orc wizards
  2 iguanas
  A scorpion zombie (D:5)
  9 gnolls
  5 adders
  A shadow imp (D:8)
  A white imp (D:5)
  2 worms
  2 dart slugs
  48 orcs
  9 endoplasms
  4 giant cockroaches
  10 hobgoblins
  2 jackals (D:5)
  22 kobolds
  3 quokkas
  A ball python (D:1)
  9 bats
  3 frilled lizards
  3 goblins
  2 rats
270 creatures vanquished.

Vanquished Creatures (others)
  2 fungi (D:2)
  7 plants
9 creatures vanquished.

Grand Total: 279 creatures vanquished

Notes
Turn   | Place    | Note
-------+----------+-------------------------------------------
     0 | D:1      | rikuthemoon the Troll Monk began the quest for the Orb.
     0 | D:1      | Reached XP level 1. HP: 22/22 MP: 0/0
    78 | D:1      | Reached XP level 2. HP: 29/29 MP: 1/1
   399 | D:1      | Reached XP level 3. HP: 36/36 MP: 2/2
   559 | D:1      | You fall into a shaft and drop 1 floor!
   616 | D:2      | Found Hiorr's Book Emporium.
   696 | D:2      | Found a faded altar of an unknown god.
   994 | D:2      | Reached skill level 4 in Unarmed Combat
  1341 | D:3      | Found a stormy altar of Qazlal.
  1372 | D:3      | Reached XP level 4. HP: 44/44 MP: 3/3
  1378 | D:3      | Found a sparkling altar of Nemelex Xobeh.
  1969 | D:4      | Noticed a scorpion
  1976 | D:4      | Killed a scorpion
  1977 | D:4      | Reached skill level 5 in Unarmed Combat
  1977 | D:4      | Reached XP level 5. HP: 40/52 MP: 4/4
  2016 | D:4      | Noticed Menkaure
  2025 | D:5      | Entered Level 5 of the Dungeon
  2056 | D:5      | Found a staircase to the Ecumenical Temple.
  2065 | Temple   | Entered the Ecumenical Temple
  2139 | Temple   | Became a worshipper of the Shining One
  2139 | Temple   | Reached * piety under the Shining One
  2139 | Temple   | Reached ** piety under the Shining One
  2244 | D:4      | Killed Menkaure
  2245 | D:4      | Reached skill level 6 in Unarmed Combat
  2245 | D:4      | Reached XP level 6. HP: 36/59 MP: 5/5
  2893 | D:5      | Found a broken altar of Ashenzari.
  2982 | D:5      | Reached XP level 7. HP: 48/67 MP: 6/6
  3032 | D:5      | You fall into a shaft and drop 3 floors!
  3047 | D:8      | Reached skill level 7 in Unarmed Combat
  3106 | D:8      | Found an iron altar of Okawaru.
  3165 | D:9      | Found Jupishan's Antique Armour Shoppe.
  3188 | D:8      | HP: 3/67 [orc (2)]
  3189 | D:8      | HP: 1/67 [orc wizard/magic dart (3)]
  3272 | D:8      | Reached skill level 8 in Unarmed Combat
  3343 | D:8      | Found the +3 robe of Clouds {*Thunder rCloud rElec}
  3372 | D:8      | Found Zuzugon's Assorted Antiques.
  3515 | D:8      | Reached XP level 8. HP: 52/75 MP: 7/7
  3569 | D:8      | Found a radiant altar of Vehumet.
  3792 | D:8      | Noticed a troll
  3795 | D:8      | Reached skill level 9 in Unarmed Combat
  3800 | D:8      | Killed a troll
  4119 | D:7      | Noticed Prince Ribbit
  4124 | D:7      | Killed Prince Ribbit
  4125 | D:7      | Reached skill level 10 in Unarmed Combat
  4205 | D:7      | Reached XP level 9. HP: 83/83 MP: 8/8
  4615 | D:7      | Reached skill level 11 in Unarmed Combat
  4854 | D:7      | Found a hazy altar of Hepliaklqana.
  5051 | D:6      | Noticed Eustachio
  5051 | D:6      | Reached *** piety under the Shining One
  5071 | D:6      | Killed Eustachio
  5159 | D:6      | Reached skill level 12 in Unarmed Combat
  5465 | D:6      | Found a transporter.
  5477 | D:6      | Found a transporter.
  5888 | D:6      | Noticed an unseen horror
  5892 | D:6      | Killed an unseen horror
  5893 | D:6      | Reached skill level 13 in Unarmed Combat
  5922 | D:6      | Reached XP level 10. HP: 91/91 MP: 9/9
  6520 | D:5      | Found a shimmering blue altar of Sif Muna.
  7338 | D:9      | Found Qenlag's Antique Armour Emporium.
  7481 | D:9      | Reached skill level 14 in Unarmed Combat
  7494 | D:9      | Reached skill level 1 in Throwing
  7666 | D:9      | Identified the +0 tower shield of Dyzxula {Fly}
  7820 | D:9      | Reached **** piety under the Shining One
  7852 | D:9      | Found Enwam Fa Cor's Jewellery Boutique.
  8001 | D:10     | Entered Level 10 of the Dungeon
  8230 | D:10     | Noticed a gargoyle
  8240 | D:10     | Killed a gargoyle
  8241 | D:10     | Reached skill level 15 in Unarmed Combat
  8266 | D:10     | Found a hide-covered altar of Uskayaw.
  8286 | D:10     | Reached skill level 5 in Dodging
  8657 | D:10     | Found a staircase to the Lair.
  8910 | D:10     | Found a basalt altar of Yredelemnul.
  8911 | D:10     | Found a staircase to the Orcish Mines.
  8959 | D:10     | Noticed a two-headed ogre
  8966 | D:10     | Killed a two-headed ogre
  9172 | D:10     | Noticed a two-headed ogre
  9176 | D:10     | Killed a two-headed ogre
  9177 | D:10     | Reached XP level 11. HP: 56/98 MP: 10/10
  9537 | Orc:1    | Entered Level 1 of the Orcish Mines
  9539 | Orc:1    | Noticed an orc knight
  9644 | D:10     | Killed an orc knight
  9768 | Orc:1    | Reached skill level 16 in Unarmed Combat
 10033 | Orc:1    | Noticed Urug
 10358 | Orc:1    | Killed Urug
 10418 | Orc:1    | Reached ***** piety under the Shining One
 10574 | Orc:1    | Noticed an orc sorcerer
 10581 | Orc:1    | Killed an orc sorcerer
 10912 | Orc:2    | Entered Level 2 of the Orcish Mines
 10983 | Orc:2    | Noticed an orc warlord
 11030 | Orc:1    | Slain by an orc warlord

Illustrated notes

Levels and vault maps discovered:
D:1:      evilmike_arrival_grusome_pit, layout_basic, minmay_tromino_v4_b
D:2:      layout_loops_cross, shapermc_ecumenical_altar_mp_urbaneastern,
          serial_shops, shop
D:3:      layout_basic, nicolae_qazlal_eye_of_the_storm,
          mainiacjoe_overflow_surrounded_room
D:4:      layout_cave_pools, uniq_menkaure
D:5:      layout_rooms, mainiacjoe_overflow_catwalk, led_sif_book,
          minmay_temple_entry_glassed_door, serial_co_window_serial,
          co_window_paths_a, co_window_corner_a, co_window_paths_a,
          co_window_corner_a, co_window_paths_b, co_window_paths_a,
          co_window_paths_a, co_window_2corner, co_window_paths_c,
          co_window_corner_cb, co_window_broadway_b, co_window_2corner,
          co_window_corner_b, glass_columns_a, glass_columns_b, glass_columns_a
D:6:      gammafunk_cloud_chamber, layout_layer_cave, serial_bayou_pond_e,
          grunt_ministairs_12, minmay_manual_mullet, uniq_eustachio
D:7:      layout_basic, nzn_hepliaklqana_mist_gate, uniq_prince_ribbit1
D:8:      layout_basic, lemuel_coloured_pillars_altar,
          mainiacjoe_overflow_brackets, enter_bailey_2, serial_shops,
          nicolae_shop_waterfront, st_stairs_1
D:9:      layout_loops_ring, serial_shops, kennysheep_little_box,
          nicolae_stop_n_shop_2, nicolae_shop_hallway_plus
D:10:     layout_grid_maze, overflow_temple_1_default, lemuel_crystal_altar,
          david_lair_shrubbed
Temple:   cyrus_circular_temple
Orc:1:    layout_diamond_mine, uniq_urug
Orc:2:    st_orc_open, layout_diamond_mine

Skill      XL: |  1  2  3  4  5  6  7  8  9 10 11 |
---------------+----------------------------------+-----
Unarmed Combat | 4 5 6 8 10 13 15 16 | 16.9
Dodging        | 3 4 5 |  5.5
Fighting       | 3 4 |  4.2
Throwing       | 1 |  1.7
Polearms       | |  0.2
Stealth        | |  1.1

Action                   |  1- 3 |  4- 6 |  7- 9 | 10-12 || total
-------------------------+-------+-------+-------+-------++-------
Melee: Unarmed           |   106 |    77 |   178 |   239 ||   600
       Punch             |       |     4 |    10 |    18 ||    32
       Trident           |       |       |       |    16 ||    16
Throw: Dart              |     1 |       |       |       ||     1
       Stone             |       |     5 |     4 |    22 ||    31
Invok: Divine Shield     |       |       |       |     1 ||     1
  Use: Scroll            |       |       |       |     8 ||     8
 Stab: Sleeping          |     5 |       |       |       ||     5
Armor: Robe              |    27 |     8 |    51 |    57 ||   143
Dodge: Dodged            |    45 |    26 |   108 |   141 ||   320

Table legend: (Time is in decaauts)
 A = Elapsed time spent in this place.
 B = Non-inter-level travel time spent in this place.
 C = Inter-level travel time spent in this place.
 D = Time resting spent in this place.
 E = Time spent auto-exploring this place.
 F = Levels seen in this place.
 G = Mean time per level.
                   A        B        C        D        E       F      G
               +--------+--------+--------+--------+--------+-----+--------+
         Total |  10965 |  10091 |    874 |    685 |   7662 |  13 |  843.5 |
       Dungeon |   9960 |   9201 |    759 |    672 |   7117 |  10 |  996.0 |
        Temple |    103 |     58 |     45 |      0 |     38 |   1 |  103.0 |
  Orcish Mines |    901 |    831 |     70 |     13 |    507 |   2 |  450.5 |
               +--------+--------+--------+--------+--------+-----+--------+

Top non-repeatable levels by time:
    D:10: 2093 daAuts
     D:6: 1258 daAuts
     D:5: 1124 daAuts
     D:8: 1011 daAuts
     D:7: 960 daAuts
     D:9: 868 daAuts
     D:3: 836 daAuts
   Orc:1: 811 daAuts
     D:4: 659 daAuts
     D:2: 592 daAuts
     D:1: 555 daAuts
  Temple: 103 daAuts
   Orc:2: 89 daAuts
